TOP OF THE 1ST |
Put-In-Bay BC batting - Pitching for Niagara Falls Expos : RHP Tony Solíz
|
Pitching: RHP Tony Solíz
|
|
Batting: RHB William Walls
|
0-0: Ball 1-0: Called Strike 1-1: Ball 2-1: Fly out, F8 (Flyball, 8RM)
|
Batting: RHB Rocky Cantrell
|
0-0: Called Strike 0-1: Called Strike 0-2: Ball 1-2: Ground out 6-3 (Groundball, 56)
|
Batting: RHB José Vázquez
|
0-0: Called Strike 0-1: Ball 1-1: SINGLE (Line Drive, 8LS)
|
Batting: LHB Locke Lamora
|
0-0: Swinging Strike 0-1: Called Strike 0-2: Strikes out looking
|
Top of the 1st over - 0 run(s), 1 hit(s), 0 error(s), 1 left on base; Put-In-Bay 0 - Niagara Falls 0 |
BOTTOM OF THE 1ST |
Niagara Falls Expos batting - Pitching for Put-In-Bay BC : RHP Addick Lubbers
|
Pitching: RHP Addick Lubbers
|
|
Now at SS: Truman Warner
|
|
Batting: LHB Arturo Gonzáles
|
0-0: Called Strike 0-1: Ball 1-1: SINGLE (Groundball, 56D)
|
Batting: RHB Demeter Valverde
|
0-0: Ball 1-0: Swinging Strike 1-1: Ball 2-1: Fly out, F9 (Flyball, 89M)
|
Batting: SHB Javier Vega
|
0-0: Called Strike 0-1: Ball 1-1: Ball 2-1: DOUBLE (Line Drive, 7LS) Arturo Gonzáles to third Runner from 3rd tries for Home, throw and OUT! Javier Vega to third
|
Batting: RHB António Mendoza
|
0-0: Foul Ball, location: 2F 0-1: Ball 1-1: Ball 2-1: Fly out, F3 (Popup, 3DF)
|
Bottom of the 1st over - 0 run(s), 2 hit(s), 0 error(s), 1 left on base; Put-In-Bay 0 - Niagara Falls 0 |
TOP OF THE 2ND |
Put-In-Bay BC batting - Pitching for Niagara Falls Expos : RHP Tony Solíz
|
Batting: RHB Jack Burton
|
0-0: Called Strike 0-1: Ball 1-1: Ball 2-1: Ground out 6-3 (Groundball, 6M)
|
Batting: LHB Dong-hwan Yun
|
0-0: Ball 1-0: Foul Ball, location: 2F 1-1: Ball 2-1: Foul Ball, location: 2F 2-2: Foul Ball, location: 2F 2-2: Foul Ball, location: 2F 2-2: Strikes out swinging
|
Batting: RHB José Delgado
|
0-0: Ball 1-0: Ball 2-0: Called Strike 2-1: Called Strike 2-2: Strikes out swinging
|
Top of the 2nd over - 0 run(s), 0 hit(s), 0 error(s), 0 left on base; Put-In-Bay 0 - Niagara Falls 0 |
BOTTOM OF THE 2ND |
Niagara Falls Expos batting - Pitching for Put-In-Bay BC : RHP Addick Lubbers
|
Batting: RHB Luis Rodríguez
|
0-0: Ball 1-0: Called Strike 1-1: SINGLE (Groundball, 6MD)
|
Batting: RHB Alejandro Garza
|
0-0: SINGLE (Groundball, 6MD) Luis Rodríguez to second Runner from 2nd tries for 3rd, SAFE, no throw or cutoff
|
Batting: RHB Alonso Zavala
|
0-0: Ball 1-0: Called Strike 1-1: Foul Ball, location: 2F 1-2: Ball 2-2: Strikes out looking
|
Batting: SHB Bob Lambert
|
0-0: Ball 1-0: Ball 2-0: Called Strike 2-1: Swinging Strike 2-2: Fielders Choice at 2nd, 4-6 (Groundball, 4M) Luis Rodríguez scores
|
Batting: RHB Roberto Camacho
|
0-0: Ball Bob Lambert is caught stealing 2nd base
|
Bottom of the 2nd over - 1 run(s), 2 hit(s), 0 error(s), 0 left on base; Put-In-Bay 0 - Niagara Falls 1 |
TOP OF THE 3RD |
Put-In-Bay BC batting - Pitching for Niagara Falls Expos : RHP Tony Solíz
|
Batting: RHB Steve Koch
|
0-0: Called Strike 0-1: Foul Ball, location: 2F 0-2: Ball 1-2: Ball 2-2: Fly out, F8 (Flyball, 8RM)
|
Batting: RHB Norman Winston
|
0-0: Reached on error, E5 (Groundball, 5S)
|
Batting: RHB William Walls
|
0-0: Ball 1-0: Called Strike 1-1: Ball 2-1: 2-RUN HOME RUN (Flyball, 89XD), Distance : 412 ft
|
Batting: RHB Rocky Cantrell
|
0-0: Ball 1-0: SINGLE (Flyball, 6MD)
|
Batting: RHB José Vázquez
|
0-0: Ball 1-0: Ball 2-0: Fly out, F9 (Flyball, 89M)
|
Batting: RHB Truman Warner
|
0-0: Ball 1-0: Foul Ball, location: 2F 1-1: Fly out, F7 (Flyball, 78M)
|
Top of the 3rd over - 2 run(s), 2 hit(s), 1 error(s), 1 left on base; Put-In-Bay 2 - Niagara Falls 1 |
BOTTOM OF THE 3RD |
Niagara Falls Expos batting - Pitching for Put-In-Bay BC : RHP Addick Lubbers
|
Batting: RHB Roberto Camacho
|
0-0: Ball 1-0: SINGLE (Groundball, 5L) (infield hit)
|
Batting: LHB Arturo Gonzáles
|
0-0: Fly out, F1 (Popup, 2R)
|
Batting: RHB Demeter Valverde
|
0-0: Fly out, F7 (Popup, 78S)
|
Batting: SHB Javier Vega
|
0-0: Called Strike 0-1: Ball 1-1: Ball 2-1: DOUBLE (Line Drive, 8LXD) Roberto Camacho to third
|
Batting: RHB António Mendoza
|
0-0: Foul Ball, location: 2F 0-1: Ball 1-1: Swinging Strike 1-2: Strikes out swinging
|
Bottom of the 3rd over - 0 run(s), 2 hit(s), 0 error(s), 2 left on base; Put-In-Bay 2 - Niagara Falls 1 |
TOP OF THE 4TH |
Put-In-Bay BC batting - Pitching for Niagara Falls Expos : RHP Tony Solíz
|
Batting: RHB Jack Burton
|
0-0: Ball 1-0: Called Strike 1-1: Foul Ball, location: 2F 1-2: Foul Ball, location: 2F 1-2: Ball 2-2: Strikes out swinging
|
Batting: LHB Dong-hwan Yun
|
0-0: Ball 1-0: Ball 2-0: Called Strike 2-1: Ball 3-1: Fly out, F9 (Flyball, 89M)
|
Batting: RHB José Delgado
|
0-0: Ball 1-0: Ball 2-0: Foul Ball, location: 2F 2-1: Ball 3-1: Base on Balls
|
Batting: RHB Steve Koch
|
0-0: Fly out, F3 (Popup, 3DF)
|
Top of the 4th over - 0 run(s), 0 hit(s), 0 error(s), 1 left on base; Put-In-Bay 2 - Niagara Falls 1 |
BOTTOM OF THE 4TH |
Niagara Falls Expos batting - Pitching for Put-In-Bay BC : RHP Addick Lubbers
|
Batting: RHB Luis Rodríguez
|
0-0: Hit by Pitch
|
Batting: RHB Alejandro Garza
|
0-0: Ball 1-0: Foul Ball, location: 2F 1-1: Ball 2-1: Ball 3-1: Swinging Strike 3-2: Strikes out swinging Luis Rodríguez steals 2nd base Batter strikes out.
|
Batting: RHB Alonso Zavala
|
0-0: Called Strike 0-1: Called Strike 0-2: Strikes out swinging
|
Batting: SHB Bob Lambert
|
0-0: Called Strike 0-1: Called Strike 0-2: Fly out, F6 (Popup, 6MD)
|
Bottom of the 4th over - 0 run(s), 0 hit(s), 0 error(s), 1 left on base; Put-In-Bay 2 - Niagara Falls 1 |
TOP OF THE 5TH |
Put-In-Bay BC batting - Pitching for Niagara Falls Expos : RHP Tony Solíz
|
Batting: RHB Norman Winston
|
0-0: Ball 1-0: Ball 2-0: Swinging Strike 2-1: Called Strike 2-2: Strikes out swinging
|
Batting: RHB William Walls
|
0-0: Swinging Strike 0-1: Ball 1-1: Called Strike 1-2: Fly out, F9 (Flyball, 9S)
|
Batting: RHB Rocky Cantrell
|
0-0: Ball 1-0: Ball 2-0: SINGLE (Groundball, 56D)
|
Batting: RHB José Vázquez
|
0-0: Ball 1-0: SINGLE (Groundball, 25) (infield hit) Rocky Cantrell to second
|
Batting: RHB Truman Warner
|
0-0: Ball 1-0: Called Strike 1-1: SINGLE (Line Drive, 8RS) Rocky Cantrell to third José Vázquez to second Runner from 3rd tries for Home, SAFE, no throw or cutoff
|
Batting: RHB Jack Burton
|
0-0: Ball 1-0: Foul Ball, location: 2F 1-1: Foul Ball, location: 2F 1-2: Ball 2-2: SINGLE (Groundball, 56D) (infield hit) José Vázquez to third Truman Warner to second
|
Batting: LHB Dong-hwan Yun
|
0-0: Ball 1-0: Swinging Strike 1-1: Fly out, F7 (Flyball, 7M)
|
Top of the 5th over - 1 run(s), 4 hit(s), 0 error(s), 3 left on base; Put-In-Bay 3 - Niagara Falls 1 |
BOTTOM OF THE 5TH |
Niagara Falls Expos batting - Pitching for Put-In-Bay BC : RHP Addick Lubbers
|
Batting: RHB Roberto Camacho
|
0-0: Ball 1-0: Called Strike 1-1: Called Strike 1-2: Ball 2-2: Foul Ball, location: 2F 2-2: Ball 3-2: Foul Ball, location: 2F 3-2: Ground out 5-3 (Groundball, 5S)
|
Batting: LHB Arturo Gonzáles
|
0-0: Called Strike 0-1: Ball 1-1: Fly out, F9 (Flyball, 89M)
|
Batting: RHB Demeter Valverde
|
0-0: Fly out, F9 (Flyball, 89M)
|
Bottom of the 5th over - 0 run(s), 0 hit(s), 0 error(s), 0 left on base; Put-In-Bay 3 - Niagara Falls 1 |
TOP OF THE 6TH |
Put-In-Bay BC batting - Pitching for Niagara Falls Expos : RHP Tony Solíz
|
Batting: RHB José Delgado
|
0-0: Foul Ball, location: 2F 0-1: Ball 1-1: Fly out, F2 (Popup, 2RF)
|
Batting: RHB Steve Koch
|
0-0: Ball 1-0: Called Strike 1-1: SINGLE (Groundball, 5D)
|
Batting: RHB Norman Winston
|
0-0: Ground out 3-1 (Groundball, 34) Steve Koch to second
|
Batting: RHB William Walls
|
0-0: Ball 1-0: Called Strike 1-1: Ball 2-1: Ball 3-1: Ground out 1-3 (Groundball, 15)
|
Top of the 6th over - 0 run(s), 1 hit(s), 0 error(s), 1 left on base; Put-In-Bay 3 - Niagara Falls 1 |
BOTTOM OF THE 6TH |
Niagara Falls Expos batting - Pitching for Put-In-Bay BC : RHP Addick Lubbers
|
Batting: SHB Javier Vega
|
0-0: Swinging Strike 0-1: Foul Ball, location: 2F 0-2: Strikes out swinging
|
Batting: RHB António Mendoza
|
0-0: SINGLE (Groundball, 6MD)
|
Batting: RHB Luis Rodríguez
|
0-0: Ball 1-0: Ball 2-0: DOUBLE (Flyball, 78M) António Mendoza to third
|
Batting: RHB Alejandro Garza
|
0-0: Ball 1-0: Called Strike 1-1: SINGLE (Line Drive, 7S) António Mendoza scores Luis Rodríguez to third
|
Batting: RHB Alonso Zavala
|
0-0: Ball 1-0: Called Strike 1-1: Called Strike 1-2: Grounds into double play, 6-4-3 (Groundball, 6M)
|
Bottom of the 6th over - 1 run(s), 3 hit(s), 0 error(s), 1 left on base; Put-In-Bay 3 - Niagara Falls 2 |
TOP OF THE 7TH |
Put-In-Bay BC batting - Pitching for Niagara Falls Expos : RHP Tony Solíz
|
Batting: RHB Rocky Cantrell
|
0-0: Called Strike 0-1: Ball 1-1: Called Strike 1-2: Strikes out swinging
|
Batting: RHB José Vázquez
|
0-0: Ball 1-0: Called Strike 1-1: Fly out, F4 (Popup, 4D)
|
Batting: RHB Truman Warner
|
0-0: Ball 1-0: Foul Ball, location: 2F 1-1: Foul Ball, location: 2F 1-2: Foul Ball, location: 2F 1-2: Foul Ball, location: 2F 1-2: Ball 2-2: SINGLE (Groundball, 5D)
|
Pitching: RHP Manuel Montés
|
|
Pinch Hitting: LHB Dale Miller
|
0-0: Ball 1-0: Ball 2-0: Foul Ball, location: 2F 2-1: Fly out, F8 (Line Drive, 8RM)
|
Top of the 7th over - 0 run(s), 1 hit(s), 0 error(s), 1 left on base; Put-In-Bay 3 - Niagara Falls 2 |
BOTTOM OF THE 7TH |
Niagara Falls Expos batting - Pitching for Put-In-Bay BC : RHP Addick Lubbers
|
Now in LF: Francisco Pérez
|
|
Batting: SHB Bob Lambert
|
0-0: Ball 1-0: Foul Ball, location: 2F 1-1: Ball 2-1: Ball 3-1: Base on Balls
|
Batting: RHB Roberto Camacho
|
0-0: Bunted foul 0-1: Bunted foul 0-2: Foul Ball, location: 2F 0-2: Ball 1-2: Fielders Choice at 2nd, 6-4 (Groundball, 56)
|
Pinch Hitting: SHB Enrico Mejía
|
0-0: Called Strike Roberto Camacho steals 2nd base 0-1: SINGLE (Flyball, 7S) Roberto Camacho to third
|
Pinch Hitting: RHB Jim Unknown
|
0-0: Swinging Strike 0-1: Ball 1-1: Foul Ball, location: 2F 1-2: Grounds into double play, 5-4-3 (Groundball, 5L)
|
Bottom of the 7th over - 0 run(s), 1 hit(s), 0 error(s), 1 left on base; Put-In-Bay 3 - Niagara Falls 2 |
TOP OF THE 8TH |
Put-In-Bay BC batting - Pitching for Niagara Falls Expos : RHP Manuel Montés
|
Now at 3B: Jim Unknown
|
|
Now in LF: Enrico Mejía
|
|
Batting: LHB Dong-hwan Yun
|
0-0: Ball 1-0: Fly out, F7 (Flyball, 78M)
|
Batting: RHB José Delgado
|
0-0: Fly out, F7 (Flyball, 7LS)
|
Now in LF: Xing-li Wang
|
|
Batting: RHB Steve Koch
|
0-0: Foul Ball, location: 2F 0-1: Ball 1-1: Foul Ball, location: 2F 1-2: Fly out, F2 (Popup, 2LF)
|
Top of the 8th over - 0 run(s), 0 hit(s), 0 error(s), 0 left on base; Put-In-Bay 3 - Niagara Falls 2 |
BOTTOM OF THE 8TH |
Niagara Falls Expos batting - Pitching for Put-In-Bay BC : RHP Addick Lubbers
|
Batting: SHB Javier Vega
|
0-0: Ball 1-0: Swinging Strike 1-1: Called Strike 1-2: Foul Ball, location: 2F 1-2: Foul Ball, location: 2F 1-2: Strikes out swinging
|
Batting: RHB António Mendoza
|
0-0: Ball 1-0: Called Strike 1-1: Called Strike 1-2: Ball 2-2: Ground out 4-3 (Groundball, 4M)
|
Batting: RHB Luis Rodríguez
|
0-0: Fly out, F3 (Popup, 3SF)
|
Bottom of the 8th over - 0 run(s), 0 hit(s), 0 error(s), 0 left on base; Put-In-Bay 3 - Niagara Falls 2 |
TOP OF THE 9TH |
Put-In-Bay BC batting - Pitching for Niagara Falls Expos : RHP Manuel Montés
|
Batting: RHB Norman Winston
|
0-0: Ball 1-0: Foul Ball, location: 2F 1-1: Ground out 6-3 (Groundball, 6)
|
Batting: RHB William Walls
|
0-0: Ball 1-0: Ball 2-0: Ball 3-0: Base on Balls
|
Pinch Hitting: LHB Jim Unknown
|
0-0: Ball 1-0: Foul Ball, location: 2F 1-1: Ball 2-1: Ball 3-1: Called Strike 3-2: Strikes out swinging
|
Batting: RHB José Vázquez
|
0-0: Ball 1-0: Swinging Strike 1-1: Ball 2-1: Swinging Strike 2-2: Ball William Walls steals 2nd base 3-2: Foul Ball, location: 2F 3-2: Fly out, F9 (Popup, 4MD)
|
Top of the 9th over - 0 run(s), 0 hit(s), 0 error(s), 1 left on base; Put-In-Bay 3 - Niagara Falls 2 |
BOTTOM OF THE 9TH |
Niagara Falls Expos batting - Pitching for Put-In-Bay BC : RHP Addick Lubbers
|
Pitching: RHP Norberto Garza
|
|
Now at 2B: Greg Gross
|
|
Batting: RHB Alejandro Garza
|
0-0: Ball 1-0: Foul Ball, location: 2F 1-1: Fly out, F9 (Flyball, 9LM)
|
Pinch Hitting: LHB Gilberto Jiménez
|
0-0: Ball 1-0: Ground out 1-3 (Groundball, 23)
|
Batting: SHB Bob Lambert
|
0-0: Foul Ball, location: 2F 0-1: Called Strike 0-2: Ball 1-2: SINGLE (Groundball, 4M)
|
Pinch Hitting: RHB Gene Lucero
|
0-0: DOUBLE (Line Drive, 5D) Bob Lambert to third Runner from 3rd tries for Home, SAFE, no throw or cutoff
|
Batting: RHB Xing-li Wang
|
0-0: Ball 1-0: Called Strike 1-1: Foul Ball, location: 2F 1-2: Foul Ball, location: 2F 1-2: Foul Ball, location: 2F 1-2: Strikes out looking
|
Bottom of the 9th over - 1 run(s), 2 hit(s), 0 error(s), 1 left on base; Put-In-Bay 3 - Niagara Falls 3 |
TOP OF THE 10TH |
Put-In-Bay BC batting - Pitching for Niagara Falls Expos : RHP Manuel Montés
|
Pitching: RHP Armand Hultman
|
|
Now at C: Pascal Lercari
|
|
Now at SS: Gene Lucero
|
|
Pinch Hitting: LHB Jim Unknown
|
0-0: Ball 1-0: Foul Ball, location: 2F 1-1: Called Strike 1-2: Foul Ball, location: 2F 1-2: Ball 2-2: SINGLE (Line Drive, 9LS)
|
Pinch Runner at 1st José Gómez:
|
|
Batting: SHB Francisco Pérez
|
0-0: Called Strike 0-1: Ball José Gómez is caught stealing 2nd base 1-1: Ball 2-1: SINGLE (Groundball, 4M)
|
Batting: LHB Dong-hwan Yun
|
0-0: Ball Francisco Pérez is caught stealing 2nd base 1-0: SINGLE (Line Drive, 56D)
|
Batting: RHB José Delgado
|
0-0: Called Strike 0-1: Foul Ball, location: 2F 0-2: Ball 1-2: 2-RUN HOME RUN (Flyball, 7LD), Distance : 347 ft
|
Batting: RHB Steve Koch
|
0-0: Ball 1-0: Ball 2-0: Foul Ball, location: 2F 2-1: DOUBLE (Flyball, 78M)
|
Batting: RHB Norman Winston
|
0-0: Called Strike 0-1: Hit by Pitch
|
Batting: RHB William Walls
|
0-0: Foul Ball, location: 2F 0-1: Called Strike 0-2: Foul Ball, location: 2F 0-2: Ground out 4-3 (Groundball, 4)
|
Top of the 10th over - 2 run(s), 5 hit(s), 0 error(s), 2 left on base; Put-In-Bay 5 - Niagara Falls 3 |
BOTTOM OF THE 10TH |
Niagara Falls Expos batting - Pitching for Put-In-Bay BC : RHP Norberto Garza
|
Now at SS: Jim Unknown
|
|
Batting: RHB Jim Unknown
|
0-0: Ball 1-0: Called Strike 1-1: Ball 2-1: Swinging Strike 2-2: Strikes out swinging
|
Batting: SHB Javier Vega
|
0-0: Swinging Strike 0-1: Foul Ball, location: 2F 0-2: Ball 1-2: Strikes out swinging
|
Batting: RHB António Mendoza
|
0-0: Called Strike 0-1: Ball 1-1: Fly out, F9 (Popup, 89S)
|
Bottom of the 10th over - 0 run(s), 0 hit(s), 0 error(s), 0 left on base; Put-In-Bay 5 - Niagara Falls 3 |
|